 Dungeon Crawl Stone Soup version 0.30-a0-297-g0ec75d9ef4 (webtiles) character file.

Game seed: 7439367830329555720

16 ytrimaz the Ruffian (level 2, 0/28 HPs)
             Began as an Ogre Transmuter on Oct 18, 2022.
             Frozen to death by an endoplasm (4 damage)
             ... on level 2 of the Dungeon.
             The game lasted 00:01:17 (626 turns).

ytrimaz the Ruffian (Ogre Transmuter)                Turns: 626, Time: 00:01:17

Health: 0/28       AC:  3    Str: 19    XL:     2   Next: 58%
Magic:  5/5        EV:  9    Int: 14    God:
Gold:   48         SH:  0    Dex:  9    Spells: 3/6 levels left

rFire   . . .      SeeInvis .      - Unarmed
rCold   . . .      Faith    .    (no shield)
rNeg    . . .      Spirit   .    a - +0 robe
rPois   .          Reflect  .    (helmet restricted)
rElec   .          Harm     .    (no cloak)
rCorr   .          Rampage  .    (gloves unavailable)
Will    +....                    (boots unavailable)
Stlth   +.........               (no amulet)
HPRegen 0.24/turn                e - ring of willpower
MPRegen 0.09/turn                i - +6 ring of strength

@: lethally poisoned (0 -> -2)
A: large, unfitting armour, tough skin 1
a: no special abilities


You were on level 2 of the Dungeon.
You visited 1 branch of the dungeon, and saw 2 of its levels.

You collected 48 gold pieces.


Innate Abilities, Weirdness & Mutations

You are too large for most types of armour.
You have tough skin. (AC +1)


   Skills:
 + Level 2.2 Fighting
 - Level 1.7 Dodging
 - Level 2.6 Unarmed Combat
 - Level 2.6 Spellcasting
 - Level 2.0 Transmutations
 + Level 0.5 Ice Magic
 + Level 0.4 Poison Magic


You had 3 spell levels left.
You knew the following spells:

 Your Spells              Type           Power      Damage    Failure   Level
a - Beastly Appendage     Tmut           14%        N/A       10%         1
b - Wereblood             Tmut           7%         N/A       16%         2

Your spell library contained the following spells:

 Spells                   Type           Power      Damage    Failure   Level
 Spider Form              Tmut/Pois      5%         N/A       38%         3
 Gell's Gravitas          Tloc           1%         N/A       56%         3
 Lesser Beckoning         Tloc           2%         N/A       56%         3
 Teleport Other           Tloc           1%         N/A       56%         3
 Ice Form                 Ice/Tmut       5%         N/A       80%         4
 Summon Lightning Spire   Summ/Air       1%         N/A       92%         4
 Silence                  Hex/Air        0%         N/A       99%         5

Inventory:

Armour
 a - a +0 robe (worn)
Jewellery
 e - a ring of willpower (left hand)
   (You found it on level 1 of the Dungeon)
 i - a +6 ring of strength (right hand)
   (You found it on level 1 of the Dungeon)
Scrolls
 g - a scroll of poison {unknown}
 h - a scroll of amnesia {unknown}
Potions
 b - a potion of lignification
 c - a potion of flight {unknown}
 d - 2 potions of cancellation {unknown}
 f - a potion of curing {unknown}

Dungeon Overview and Level Annotations

Branches:
Dungeon (2/15) Zot: 11370

Altars:

####. #...
##... ##....
#....#####
##.....## #
#.J#.<..# .#
#.@.....#...
#.<._.#......
#.......#....
#..#.<..# ...
##.†.?.## ..
#.....##### #
#.#.(..
##.... #.##.#


You could see an endoplasm.


Message History

Found a scroll labelled AMUR KAUTOXA and 7 stones.
Found a faded altar of an unknown god.
Found an escape hatch in the ceiling.
Found a stone staircase leading up.
There is a stone staircase leading up here.
Unknown command.
A hobgoblin comes into view.
A kobold comes into view.
It is wielding a +0 whip and quivering poisoned darts.
The kobold shouts!
You grow a pair of large bovine horns.
Your feet morph into talons.
The kobold throws a poisoned dart.
The poisoned dart barely misses you. 😎 MP[-1]
You lost 1 mp, and now have 4/5 mp.
The hobgoblin shouts!
Your transformation is almost over.
The kobold throws a poisoned dart.
The poisoned dart hits you.
You are poisoned.
The hobgoblin hits you but does no damage.
You barely miss the hobgoblin.
You claw the hobgoblin, but do no damage.
You feel sick. 😕 HP[-2]
You take 2 damage, and now have 26/28 hp.
You closely miss the hobgoblin.
The kobold throws a poisoned dart.
The poisoned dart barely misses you.
The hobgoblin hits you but does no damage.
You hit the hobgoblin. You claw the hobgoblin.
You feel sick. The hobgoblin hits you.
The kobold throws a poisoned dart.
The poisoned dart hits you!
You are more poisoned. 😕 HP[-3]
You take 3 damage, and now have 23/28 hp.
You barely miss the hobgoblin.
You feel very sick.
The kobold throws a poisoned dart.
The poisoned dart barely misses you.
The hobgoblin barely misses you. 😮 HP[-3]
You take 3 damage, and now have 20/28 hp.
You barely miss the hobgoblin.
You feel very sick. The hobgoblin barely misses you.
The kobold throws a poisoned dart.
The poisoned dart completely misses you. 😮 HP[-2]
You take 2 damage, and now have 18/28 hp.
You are too injured to fight recklessly!
Unknown command.
You hit the hobgoblin.
You kill the hobgoblin!
You feel sick. 😮 HP[-2]
You take 2 damage, and now have 16/28 hp.
You feel sick.
You see here a hobgoblin corpse. 😮 HP[-1]
You take 1 damage, and now have 15/28 hp.
Unknown command.
You feel sick.
The kobold throws a poisoned dart.
The poisoned dart barely misses you. 😨 HP[-1]
You take 1 damage, and now have 14/28 hp.
You feel sick. 😨 MP[+1]
Your mp is fully restored (5).
Your horns disappear.
Your talons disappear.
You feel sick.
An endoplasm comes into view.
The kobold throws a poisoned dart.
The poisoned dart hits you!
You are more poisoned.
* * * LOW HITPOINT WARNING * * *
You feel very sick.
There is a stone staircase leading up here. 😨 HP[-4]
You take 4 damage, and now have 10/28 hp.
The endoplasm quivers.
You hit the kobold but do no damage.
* * * LOW HITPOINT WARNING * * *
You feel sick. The kobold barely misses you. 😨 HP[-2]
You take 2 damage, and now have 8/28 hp.
You punch the kobold!
You kill the kobold!
* * * LOW HITPOINT WARNING * * *
You feel sick. 😱 HP[-1]
You take 1 damage, and now have 7/28 hp.
Unknown command.
You feel sick. The endoplasm barely misses you.
Things that are here:
a +0 whip; 8 poisoned darts; 😱 HP[-1]
You take 1 damage, and now have 6/28 hp.
Really quaff the potion of lignification?
Okay, then.
You hit the endoplasm but do no damage.
You feel sick.
The endoplasm barely misses you. 😱 HP[-1]
You take 1 damage, and now have 5/28 hp.
Unknown command.
You hit the endoplasm.
You feel sick. The endoplasm freezes you.
You are frozen.
You die...

Skill      XL: |  1  2 |
---------------+-------+-----
Transmutations | 2 |  2.0
Fighting       | 2 |  2.2
Dodging        | |  1.7
Unarmed Combat | |  2.6
Spellcasting   | |  2.6
Ice Magic      | |  0.5
Poison Magic   | |  0.4

Action                   || total
-------------------------++-------
Melee: Unarmed           ||    62
       Kick              ||     9
       Headbutt          ||     2
       Punch             ||     1
 Cast: Beastly Appendage ||     9
  Use: Scroll            ||     2
Armor: Robe              ||    10
Dodge: Dodged            ||    32

Levels and vault maps discovered:
D:1:      reono_arrival_forest_river, layout_rooms, minmay_tripent
D:2:      layout_loops_cross, basic_altar, nicolae_ecumenical_pavilion,
          amcnicky_mini_pool_small, minmay_tetromino_t4, uniq_terence,
          uniq_crazy_yiuf_cottage

Notes
Turn   | Place    | Note
-------+----------+-------------------------------------------
     0 | D:1      | ytrimaz the Ogre Transmuter began the quest for the Orb.
     0 | D:1      | Reached XP level 1. HP: 19/19 MP: 3/3
     0 | D:1      | magus.rc [v1.9.6]
    29 | D:1      | HP: 5/20 [hobgoblin (2)]
    34 | D:1      | Reached skill level 2 in Transmutations
   124 | D:1      | You add the spells Summon Lightning Spire and Silence to
                  | your library.
   124 | D:1      | Got the Commentary on the Congealing Zephyr
   172 | D:1      | Reached XP level 2. HP: 19/28 MP: 5/5
   174 | D:1      | Reached skill level 2 in Fighting
   361 | D:1      | Learned a level 2 spell: Wereblood
   386 | D:1      | You pick up a book of Displacement and begin reading...
   386 | D:1      | You add the spells Lesser Beckoning, Gell's Gravitas and
                  | Teleport Other to your library.
   605 | D:2      | Found a faded altar of an unknown god.
   623 | D:2      | HP: 7/28 [poisoned by a kobold]
   626 | D:2      | Frozen to death by an endoplasm

Vanquished Creatures
  3 ball pythons (D:1)
  A goblin (D:1)
  3 hobgoblins
  2 frilled lizards (D:1)
  3 kobolds
  6 rats (D:1)
18 creatures vanquished.

Table legend:
 A = Non-vault XP
 B = Vault XP
 C = Vault XP percentage of total XP
 D = Non-vault monster count
 E = Vault monster count
 F = Vault count percentage of total count
                 A         B        C        D         E       F
            +---------+---------+-------+---------+---------+-------
      Total |      21 |       3 |  12.5 |      16 |       2 |  11.1
            +---------+---------+-------+---------+---------+-------
        D:1 |      18 |       3 |  14.3 |      14 |       2 |  12.5
        D:2 |       3 |       0 |   0.0 |       2 |       0 |   0.0
            +---------+---------+-------+---------+---------+-------

Illustrated notes

Table legend:
 A = Kills in this place as a percentage of kills in entire the game.
 B = Kills by you in this place as a percentage of kills by you in the entire game.
 C = Kills by friends in this place as a percentage of kills by friends in the entire game.
 D = Other kills in this place as a percentage of other kills in the entire game.
 E = Experience gained in this place as a percentage of experience gained in the entire game.
 F = Experience gained in this place divided by the number of levels of this place that you have seen.
                   A       B       C       D       E      F
               +-------+-------+-------+-------+-------+----------------------
         Total | 100.0 | 100.0 |   N/A |   N/A | 100.0 |  12.0
       Dungeon | 100.0 | 100.0 |   N/A |   N/A | 100.0 |  12.0
               +-------+-------+-------+-------+-------+----------------------

Table legend: (Time is in decaauts)
 A = Elapsed time spent in this place.
 B = Non-inter-level travel time spent in this place.
 C = Inter-level travel time spent in this place.
 D = Time resting spent in this place.
 E = Time spent auto-exploring this place.
 F = Levels seen in this place.
 G = Mean time per level.
                   A        B        C        D        E       F      G
               +--------+--------+--------+--------+--------+-----+--------+
         Total |    628 |    600 |     28 |      0 |    456 |   2 |  314.0 |
       Dungeon |    628 |    600 |     28 |      0 |    456 |   2 |  314.0 |
               +--------+--------+--------+--------+--------+-----+--------+

Top non-repeatable levels by time:
     D:1: 608 daAuts
     D:2: 20 daAuts
